 Dungeon Crawl Stone Soup version 0.22-a0-611-g46e8f3c735 (webtiles) character file.

2443 RedPan the Ducker (level 9, 0/55 HPs)
             Began as an Octopode Wizard on July 11, 2018.
             Was a Follower of Yredelemnul.
             Slain by a yak (10 damage)
             ... on level 8 of the Dungeon.
             The game lasted 00:30:34 (10103 turns).

RedPan the Ducker (Octopode Wizard)                Turns: 10103, Time: 00:30:34

Health: 0/55       AC:  2    Str: 16    XL:     9   Next: 49%
Magic:  13/17      EV: 17    Int: 21    God:    Yredelemnul [*.....]
Gold:   452        SH:  0    Dex: 17    Spells: 5/19 levels left

rFire    . . .     SeeInvis .   g - +3 dagger (venom)
rCold    . . .     Gourm    .   (no shield)
rNeg     . . .     Faith    .   a - +1 hat
rPois    .         Spirit   .   A - amulet of magic regeneration
rElec    .         Reflect  .   h - +5 ring of strength
rCorr    .         Harm     .   o - +3 ring of dexterity
MR       .....                  x - ring of Rogriej {Str+4 Dex+2}
Stlth    ++++......             (no ring)
HPRegen  0.18/turn              (no ring)
MPRegen  0.40/turn              (no ring)
                                (no ring)
                                (no ring)

@: no status effects
A: almost no armour, stealthy swim, amphibious, 8 rings, constrict 8, camouflage
1, gelatinous body 1
a: Animate Remains, Renounce Religion


You were on level 8 of the Dungeon.
You worshipped Yredelemnul.
Yredelemnul was aware of your devotion.
You were near starving.

You visited 2 branches of the dungeon, and saw 9 of its levels.
You also visited: Sewer.

You collected 587 gold pieces.
You spent 135 gold pieces at shops.

Inventory:

Hand Weapons
 g - a +3 dagger of venom (weapon)
Missiles
 e - 11 tomahawks (quivered)
Armour
 a - a +1 hat (worn)
Jewellery
 h - a +5 ring of strength (left tentacle)
 o - a +3 ring of dexterity (right tentacle)
 s - an uncursed ring of fire
 x - the ring of Rogriej (on tentacle) {Str+4 Dex+2}
   (You bought it in a shop on level 6 of the Dungeon)

   [ring of strength]

   It affects your strength (+4).
   It affects your dexterity (+2).
 A - an amulet of magic regeneration (around mantle)
 E - a +4 ring of strength
Wands
 u - a wand of polymorph (14)
 z - a wand of iceblast (23)
Scrolls
 b - 6 scrolls of fog
 f - 4 scrolls of remove curse
 p - 5 scrolls of teleportation
 t - a scroll of fear
 v - a scroll of enchant weapon
 y - a scroll of magic mapping {unknown}
 C - a scroll of amnesia
 D - 2 scrolls of enchant armour
Potions
 d - 2 potions of brilliance
 i - a potion of might {unknown}
 j - a potion of berserk rage {unknown}
 k - 4 potions of heal wounds
 l - 3 potions of ambrosia
 m - 3 potions of flight {unknown}
 n - 2 potions of curing
 q - 4 potions of lignification {unknown}
 r - a potion of degeneration {unknown}
 w - a potion of magic {unknown}
 B - a potion of haste {unknown}
 F - a potion of mutation {unknown}
Comestibles
 c - 16 rations


   Skills:
 + Level 2.8 Fighting
 + Level 1.6 Short Blades
 + Level 6.0 Dodging
 - Level 4.0 Stealth
 + Level 5.9 Spellcasting
 - Level 3.0 Conjurations
 * Level 4.2 Hexes
 - Level 2.0 Summonings
 - Level 2.2 Translocations
 - Level 2.0 Fire Magic
 - Level 3.0 Air Magic
 - Level 5.0 Poison Magic


You had 5 spell levels left.
You knew the following spells:

 Your Spells              Type           Power        Failure   Level  Hunger
a - Magic Dart            Conj           ###.         2%          1    None
b - Blink                 Tloc           N/A          6%          2    None
c - Call Imp              Summ           ##......     7%          2    None
d - Mephitic Cloud        Conj/Pois/Air  ###.....     6%          3    ##.....
e - Conjure Flame         Conj/Fire      ###.....     11%         3    ##.....
f - Tukima's Dance        Hex            ###.....     5%          3    ##.....

Your spell library contained the following spells:

 Spells                   Type           Power        Failure   Level  Hunger
 Apportation              Tloc           ###...       4%          1    None
 Slow                     Hex            ###.....     2%          2    None
 Invisibility             Hex            ###.....     95%         6    #######
 Spider Form              Tmut/Pois      ###.......   11%         3    ##.....
 Blade Hands              Tmut           #.........   95%         5    #####..
 Ice Form                 Ice/Tmut       #.......     69%         4    ####...
 Sticks to Snakes         Tmut           #.......     16%         2    None
 Summon Butterflies       Summ           ##......     4%          1    None
 Alistair's Intoxication  Tmut/Pois      ###.....     67%         5    #####..
 Beastly Appendage        Tmut           #.....       10%         1    None
 Lesser Beckoning         Tloc           ###.......   12%         3    ##.....


Dungeon Overview and Level Annotations

Branches:
Dungeon (8/15)             Temple (1/1) D:4
   Lair: D:8-11

Altars:
Ashenzari
Cheibriados
Dithmenos
Elyvilon
Fedhas
Gozag
Hepliaklqana
Kikubaaqudgha
Makhleb
Nemelex Xobeh
Okawaru
Qazlal
Ru
Sif Muna
Trog
Uskayaw
Vehumet
Wu Jian
Xom
Yredelemnul
Zin
The Shining One

Shops:
D:6 *


Innate Abilities, Weirdness & Mutations

You cannot wear most types of armour.
You are very stealthy in the water. (Stealth+)
You are amphibious.
You can wear up to eight rings at the same time.
You can use your tentacles to constrict eight enemies at once.
Your skin changes colour to match your surroundings (Stealth+).
Your rubbery body absorbs attacks. (AC +1, EV +1)


Message History

The yak completely misses you.
You barely miss the yak.
The yak is lightly wounded.
The yak closely misses you.
You hit the yak. You squeeze the yak.
The yak is moderately wounded.
The yak closely misses you.
You hit the yak but do no damage.
The yak is poisoned.
The yak is moderately wounded.
The yak gores you!
* * * LOW HITPOINT WARNING * * *
You barely miss the yak.
The yak is moderately wounded.
The yak barely misses you.
The yak looks more healthy.
Casting: Mephitic Cloud (safe; 6% risk of failure)
Confirm with . or Enter, or press ? or * to list all spells.
You blink.
The yak gores you!
You die...
Your body rises from the dead as a mindless zombie.

#%%...'..########
#####.).......#
#....########.#
#....# #.# #....#
#.# ###.## #.#
#.# #.# #.# #.#
#.# #@# #.# #Y#
..# #ยง# ### #.#
#.# #.# ..# ###


You could see a yak.

Vanquished Creatures
  Grinder (D:5)
  A hog (D:8)
  A human (D:8)
  Purgy (Sewer)
  An orc warrior (D:6)
  2 ice beasts
  5 ogres
  Blork the orc (D:5)
  A gnoll sergeant (D:7)
  2 wights (D:7)
  3 crimson imps
  A bullfrog zombie (D:7)
  A hound (D:4)
  3 orc priests (D:6)
  A bullfrog skeleton (D:5)
  An orc wizard (D:6)
  Ijyb (D:5)
  Natasha (thrice) (D:2 D:3)
  3 worker ants
  3 hound zombies
  2 hound skeletons
  5 gnolls (D:7)
  10 adders
  A river rat (D:4)
  A shadow imp (D:6)
  An ooze (D:3)
  2 worms
  A dart slug (D:1)
  9 leopard geckos
  6 orcs
  7 giant cockroaches
  8 hobgoblins
  15 jackals
  9 ball pythons
  3 bats
  6 frilled lizards
  11 goblins
  2 goblin zombies (D:4)
  5 hobgoblin zombies (D:4)
  8 kobolds
  11 rats
159 creatures vanquished.

Vanquished Creatures (collateral kills)
  Menkaure (D:6)
  An ogre (D:5)
  The ghost of RedPan the Sneak, an amateur OpWz (D:3)
  A wight (D:7)
  2 quasits (D:3)
  An orc priest (D:3)
  An adder (D:7)
  An orc (D:5)
9 creatures vanquished.

Vanquished Creatures (others)
  A dancing weapon (D:7)
  A gnoll zombie (D:7)
2 creatures vanquished.

Grand Total: 170 creatures vanquished

Notes
Turn   | Place    | Note
-------+----------+-------------------------------------------
     0 | D:1      | RedPan the Octopode Wizard began the quest for the Orb.
     0 | D:1      | Reached XP level 1. HP: 11/11 MP: 4/4
   524 | D:1      | Reached XP level 2. HP: 13/17 MP: 1/6
  1200 | D:1      | Reached XP level 3. HP: 21/21 MP: 3/7
  1653 | D:1      | Learned a level 2 spell: Blink
  1656 | D:1      | Learned a level 2 spell: Call Imp
  1660 | D:2      | Noticed Natasha
  1670 | D:2      | Killed Natasha
  1670 | D:2      | Reached XP level 4. HP: 10/27 MP: 2/9
  2506 | D:2      | Learned a level 3 spell: Mephitic Cloud
  2560 | D:2      | Reached XP level 5. HP: 31/31 MP: 7/10
  3113 | D:3      | Noticed Natasha
  3123 | D:3      | Killed Natasha
  3123 | D:3      | Reached skill level 3 in Dodging
  3349 | D:3      | Found a transporter.
  3382 | D:3      | Found a transporter.
  3386 | D:3      | Noticed RedPan's ghost (amateur OpWz)
  3494 | D:3      | Noticed Natasha
  3498 | D:3      | Killed Natasha
  3498 | D:3      | Reached XP level 6. HP: 22/36 MP: 6/11
  3649 | D:3      | Killed RedPan's ghost
  3649 | D:3      | Reached skill level 1 in Poison Magic
  4169 | D:4      | Learned a level 3 spell: Conjure Flame
  4235 | D:4      | Found a glowing golden altar of the Shining One.
  4361 | D:4      | Reached skill level 1 in Air Magic
  4421 | D:4      | Found a glowing drain.
  4522 | Sewer    | Entered a sewer
  4686 | Sewer    | Noticed Purgy
  4691 | Sewer    | Killed Purgy
  4691 | Sewer    | Reached XP level 7. HP: 40/41 MP: 13/13
  5200 | D:4      | Found a staircase to the Ecumenical Temple.
  5224 | Temple   | Entered the Ecumenical Temple
  5387 | Temple   | Became a worshipper of Yredelemnul the Dark
  5802 | D:4      | You fall through a shaft!
  5802 | D:5      | Entered Level 5 of the Dungeon
  5865 | D:5      | Noticed Blork the orc
  5872 | D:5      | Killed Blork the orc
  5872 | D:5      | Reached skill level 4 in Dodging
  6252 | D:5      | Noticed Grinder
  6258 | D:5      | Paralysed by Grinder for 6 turns
  6377 | D:5      | Paralysed by Grinder for 3 turns
  6395 | D:5      | Killed Grinder
  6395 | D:5      | Reached XP level 8. HP: 30/46 MP: 0/15
  6561 | D:5      | Reached skill level 5 in Poison Magic
  6948 | D:5      | Noticed Ijyb
  6962 | D:5      | Killed Ijyb
  7616 | D:6      | Reached skill level 5 in Spellcasting
  7616 | D:6      | Reached skill level 1 in Fire Magic
  7681 | D:6      | Noticed Menkaure
  7693 | D:6      | Killed Menkaure
  7693 | D:6      | Reached skill level 5 in Dodging
  7694 | D:6      | Found Zaqihut's Assorted Antiques.
  7934 | D:6      | Bought a sparkling wooden ring for 135 gold pieces
  7934 | D:6      | Identified the ring of Rogriej {Str+4 Dex+2} (You bought it in a shop on level 6 of the Dungeon)
  7936 | D:6      | Found a white marble altar of Elyvilon.
  8144 | D:6      | Learned a level 3 spell: Tukima's Dance
  8211 | D:6      | Reached skill level 1 in Hexes
  8445 | D:6      | Reached skill level 1 in Fighting
  8460 | D:6      | Found a glowing silver altar of Zin.
  8495 | D:6      | Reached * piety under Yredelemnul
  8911 | D:6      | Reached XP level 9. HP: 54/54 MP: 17/17
  8978 | D:6      | Found a shadowy altar of Dithmenos.
  9295 | D:7      | Found a bloodstained altar of Trog.
  9296 | D:7      | Found a radiant altar of Vehumet.
  9602 | D:7      | Reached skill level 1 in Short Blades
 10084 | D:8      | Reached skill level 6 in Dodging
 10103 | D:8      | Slain by a yak

Vault maps used:
D:1:      dpeg_arrival_arbitrary_c, minmay_split_cup_large
D:2:      uniq_natasha
D:3:      gammafunk_ghost_stat_death, grunt_decor_arrowhead,
          minmay_misc_feat_roman, grunt_decor_one_mirror
D:4:      kennysheep_goblin_castle, nicolae_tso_besieged_by_evil,
          minmay_temple_entry_glass, portal_sewer_entry_e, first_ration
D:5:      uniq_ijyb, uniq_blork_the_orc, uniq_grinder
D:6:      kennysheep_little_box, elyvilon_altar_4, zin_academy, serial_shops,
          shop, uniq_menkaure
D:7:      chequers_temple_overflow_statue_of_worship
D:8:      nicolae_lava_and_water, grunt_livestock,
          nicolae_dithmenos_the_darkroom
Temple:   eino_temple_rhombus
Sewer:    sewer_co_purgy_island

Skill      XL: |  1  2  3  4  5  6  7  8  9 |
---------------+----------------------------+-----
Conjurations   | 2 3 |  3.0
Stealth        | 3 4 |  4.0
Dodging        | 3 4 5 6 |  6.0
Summonings     | 2 |  2.0
Translocations | 2 |  2.2
Poison Magic   | 2 4 5 |  5.0
Spellcasting   | 4 5 |  5.9
Air Magic      | 1 2 3 |  3.0
Fire Magic     | 2 |  2.0
Hexes          | 2 4 |  4.2
Fighting       | 1 2 |  2.8
Short Blades   | 1 |  1.6

Action                   |  1- 3 |  4- 6 |  7- 9 || total
-------------------------+-------+-------+-------++-------
Melee: Unarmed           |     4 |       |       ||     4
       Short sword       |     4 |       |       ||     4
       Constrict         |     3 |    23 |    29 ||    55
       Dagger            |     6 |    64 |   112 ||   182
       Tentacles         |       |     9 |    35 ||    44
 Cast: Magic Dart        |    70 |   116 |   113 ||   299
       Call Imp          |       |     6 |    28 ||    34
       Mephitic Cloud    |       |       |    12 ||    12
       Conjure Flame     |       |       |     2 ||     2
       Tukima's Dance    |       |       |     4 ||     4
       Blink             |       |       |     3 ||     3
Invok: Animate Remains   |       |       |     3 ||     3
  Use: Scroll            |     8 |     4 |     4 ||    16
 Stab: Sleeping          |       |     7 |     7 ||    14
       Confused          |       |       |     6 ||     6
       Distracted        |       |       |     1 ||     1
  Eat: Chunk             |     2 |    10 |    13 ||    25
       Ration            |       |       |     1 ||     1
Armor: Skin              |     4 |    11 |     2 ||    17
Dodge: Dodged            |     8 |    67 |    70 ||   145

Table legend:
 A = Spawn XP
 B = Non-spawn XP
 C = Spawn XP percentage of total XP
 D = Spawn monster count
 E = Non-spawn monster count
 F = Spawn count percentage of total count
 G = Total turns spent on level
                    A         B        C        D         E        F      G
               +---------+---------+-------+---------+---------+-------+---------
         Total |       0 |    3490 |   0.0 |       0 |     168 |   0.0 | 10103
               +---------+---------+-------+---------+---------+-------+---------
           D:1 |       0 |      53 |   0.0 |       0 |      29 |   0.0 |  1790
           D:2 |       0 |     118 |   0.0 |       0 |      23 |   0.0 |   937
           D:3 |       0 |     279 |   0.0 |       0 |      28 |   0.0 |  1437
           D:4 |       0 |     275 |   0.0 |       0 |      30 |   0.0 |  1061
           D:5 |       0 |     636 |   0.0 |       0 |      12 |   0.0 |  1713
           D:6 |       0 |    1096 |   0.0 |       0 |      21 |   0.0 |  1779
           D:7 |       0 |     556 |   0.0 |       0 |      15 |   0.0 |   759
           D:8 |       0 |     334 |   0.0 |       0 |       2 |   0.0 |    50
         Sewer |       0 |     143 |   0.0 |       0 |       8 |   0.0 |   397
               +---------+---------+-------+---------+---------+-------+---------
